 Dungeon Crawl Stone Soup version 0.01-2161-g8ec87df2bd (webtiles) character file.

Game seed: 4179563441090423371, levelgen mode: deterministic

1326 KleinerIrrer the Magician (level 8, -8/58 HPs) Lignifite Demonspawn. Began on July 1, 2020. Killed by divine providence ... invoked by an orc priest (13 damage) ... on level 3 of the Dungeon on July 2, 2020. The game lasted 00:24:29 (4258 turns).

KleinerIrrer the Magician (Lignifite Demonspawn)    Turns: 4258, Time: 00:24:30

Health: -8/58      AC:  2    Str: 21    XL:     8 ^: 903
Magic:  11/20      EV: 15    Int: 15    God:
Gold:   126        SH:  0    Dex:  7    Spells: 9/22 levels left

rFire    . . .     Vision   .   a - +0 flail
rCold    . . .     Gourm    .   (weapon restricted)
rNeg     . . .     Faith    .   b - +0 robe
rPois    +         Spirit   .   (helmet restricted)
rElec    .         Reflect  .   n - +0 cloak
rCorr    .         Harm     .   (gloves unavailable)
MR       .....                  (boots unavailable)
Stlth    ++........             (no amulet)
HPRegen  0.29/turn              e - ring of wizardry
MPRegen  0.30/turn              (no ring)

@: confused, very slightly contaminated, quick
A: small, rF-, deformed body, fire resistance 1, speed 1, nightstalker 1, poison
resistance, slow metabolism 1, torment resistance, plant, rot immunity
a: no special abilities


You were on level 3 of the Dungeon.
You were not hungry.

You visited 1 branch of the dungeon, and saw 3 of its levels.

You collected 126 gold pieces.

Inventory:

Weapons
 a - a +0 flail (weapon)
 j - a +0 hunting sling
Armour
 b - a +0 robe (worn)
 n - a +0 cloak (worn)
Jewellery
 e - a ring of wizardry (left hand)
 h - an uncursed amulet of harm
 r - an uncursed ring of wizardry
Wands
 p - a wand of acid (5)
Scrolls
 f - a scroll of fog
 g - 4 scrolls of magic mapping
 l - 2 scrolls of teleportation
Potions
 c - 2 potions of haste
 i - a potion of might
 m - a potion of agility
 o - a potion of ambrosia
 q - a potion of mutation
Comestibles
 d - 11 rations
 k - 4 chunks of flesh


   Skills:
 * Level 3.2 Fighting
 - Level 2.1 Whips & Flails
 + Level 4.7 Dodging
 - Level 1.7 Stealth
 + Level 7.7 Spellcasting
 - Level 0.1 Summonings
 - Level 1.1 Fire Magic
 - Level 1.1 Air Magic
 - Level 1.0 Poison Magic
   Level 3.0 Invocations


You had 9 spell levels left.
You knew the following spells:

 Your Spells              Type           Power        Failure   Level  Hunger
a - Flame Tongue          Fire           9 (40)       3%          1    None
b - Call Imp              Summ           6 (100)      8%          2    None
c - Blink                 Tloc           N/A          8%          2    None
d - Slow                  Hex            5 (100)      8%          2    None
e - Conjure Flame         Fire           9 (100)      10%         3    ##.....
f - Mephitic Cloud        Pois/Air       9 (100)      10%         3    ##.....

Your spell library contained the following spells:

 Spells                   Type           Power        Failure   Level  Hunger
 Confusing Touch          Hex            5 (50)       4%          1    None
 Confuse                  Hex            5 (100)      16%         3    ##.....
 Gell's Gravitas          Tloc           5 (200)      16%         3    ##.....
 Petrify                  Tmut/Erth      5 (100)      43%         4    ####...
 Yara's Violent Unravell  Hex/Tmut       5 (200)      77%         5    #####..


Dungeon Overview and Level Annotations

Branches:
Dungeon (3/8)

Altars:
Sif Muna
The Shining One


Innate Abilities, Weirdness & Mutations

Your woody flesh burns easily. (rF-)
A tangle of shorter branches protects your body from attack. (+3 SH)
You are small and have problems with some larger weapons.
Armour fits poorly on your strangely shaped body.
You are heat resistant. (rF+)
You cover ground quickly.
You are slightly more attuned to the shadows.
Your system is resistant to poisons. (rPois)
You have a slow metabolism.
You are immune to unholy pain and torment.
You require very little carbon dioxide to survive.
You are immune to rotting.


Message History

* * * LOW HITPOINT WARNING * * *
The orc closely misses you (0).
Casting: Flame Tongue (safe; 3% risk of failure)
Confirm with . or Enter, or press ? or * to list all spells.
Aiming: Flame Tongue (safe; 3% risk of failure)
Press: ? - help, Shift-Dir - straight line, f/p - orc priest
Aim: an orc priest, wielding a +0 falchion and wearing a +0 leather armour (almost dead (1/14))
The flame tongue misses the orc priest.
The orc priest mumbles some strange prayers to Beogh against you.
Beogh smites you!
* * * LOW HITPOINT WARNING * * *
You block the orc's attack. The orc barely misses you (0).
Casting: Flame Tongue (safe; 3% risk of failure)
Confirm with . or Enter, or press ? or * to list all spells.
Okay, then.
You are confused.
You feel invigorated.
The orc priest invokes the aid of Beogh against you.
Beogh smites you!
You die...

#..# #..... ###### .
... ###. .. ....####.#
##.......# .........#
#....oo#
#...o@)########
........)......#
##############.########
#......... ##########


You could see an orc priest and 2 orcs.

Vanquished Creatures
  Menkaure (D:3)
  A porcupine (D:3)
  Ijyb (D:3)
  3 big kobolds (D:2)
  A scorpion (D:3)
  4 jellies (D:2)
  A hound (D:3)
  An orc wizard (D:3)
  An iguana (D:3)
  2 worker ants (D:3)
  An iron imp (D:3)
  A bullfrog skeleton (D:3)
  3 gnolls (D:3)
  4 adders
  23 sewer rats (D:2)
  4 worms
  7 cinder newts
  5 oozes (D:2)
  A dart slug (D:1)
  4 leopard geckos
  3 orcs (D:3)
  2 adder skeletons (D:2)
  13 giant cockroaches (D:2)
  2 goblins (D:1)
  6 hobgoblins (D:1)
  6 jackals (D:3)
  16 kobolds
  2 ball pythons
  3 bats (D:1)
  A bat skeleton (D:2)
  A goblin skeleton (D:2)
  A hobgoblin skeleton (D:2)
  An orc skeleton (D:2)
  4 rats
  A rat skeleton (D:2)
  7 withered plants (D:2)
138 creatures vanquished.

Vanquished Creatures (collateral kills)
  A sewer rat (D:2)
  6 cinder newts
  A hobgoblin (D:1)
8 creatures vanquished.

Vanquished Creatures (others)
  2 jellies (D:2)
  An adder (D:2)
  15 sewer rats (D:2)
  3 oozes (D:2)
  2 leopard geckos (D:2)
  2 bats (D:2)
  A cinder newt skeleton (D:2)
  3 giant cockroaches (D:2)
  2 ball pythons (D:2)
  A rat (D:2)
  10 giant blowflies (D:2)
  173 withered plants (D:2)
215 creatures vanquished.

Grand Total: 361 creatures vanquished

Notes
Turn   | Place    | Note
-------+----------+-------------------------------------------
     0 | D:1      | KleinerIrrer the Lignifite Demonspawn began the quest for
                  | the Orb.
     0 | D:1      | Reached XP level 1. HP: 12/12 MP: 4/4
   274 | D:1      | Gained mutation: You are slightly more attuned to the
                  | shadows. [demonic ancestry]
   274 | D:1      | Reached XP level 2. HP: 18/19 MP: 6/6
   403 | D:1      | Learned a level 2 spell: Call Imp
   507 | D:1      | Reached XP level 3. HP: 14/24 MP: 7/7
   707 | D:1      | Learned a level 2 spell: Blink
   710 | D:1      | Learned a level 2 spell: Slow
  1163 | D:2      | Reached skill level 3 in Spellcasting
  1185 | D:2      | Reached XP level 4. HP: 26/29 MP: 0/9
  1433 | D:2      | Reached XP level 5. HP: 34/34 MP: 9/11
  1483 | D:2      | Reached skill level 4 in Spellcasting
  1708 | D:2      | Learned a level 3 spell: Conjure Flame
  1877 | D:2      | Gained mutation: You are heat resistant. (rF+) [demonic
                  | ancestry]
  1877 | D:2      | Reached XP level 6. HP: 36/39 MP: 9/14
  1961 | D:2      | Reached skill level 5 in Spellcasting
  2490 | D:2      | Reached skill level 6 in Spellcasting
  2490 | D:2      | Reached XP level 7. HP: 36/45 MP: 13/17
  2726 | D:2      | Learned a level 3 spell: Mephitic Cloud
  2802 | D:2      | Found a shimmering blue altar of Sif Muna.
  3278 | D:2      | Reached skill level 1 in Poison Magic
  3507 | D:3      | Noticed Menkaure
  3518 | D:3      | Reached skill level 1 in Air Magic
  3536 | D:3      | Killed Menkaure
  3536 | D:3      | Reached skill level 7 in Spellcasting
  3555 | D:3      | Reached XP level 8. HP: 28/57 MP: 2/19
  4001 | D:3      | Found a glowing golden altar of the Shining One.
  4216 | D:3      | Noticed Ijyb
  4244 | D:3      | Killed Ijyb
  4244 | D:3      | Reached skill level 1 in Fire Magic
  4257 | D:3      | HP: 1/58 [orc priest/divine providence (14)]
  4258 | D:3      | Killed from afar by an orc priest

Levels and vault maps discovered:
D:1:      beargit_arrival_greenhouse, layout_basic, first_ration
D:2:      layout_sewer, led_sif_pool, minivault_23, corexii_leaking_fountain
D:3:      layout_basic, lemuel_doored_altar, basic_altar, uniq_menkaure,
          uniq_ijyb

Skill      XL: |  1  2  3  4  5  6  7  8 |
---------------+-------------------------+-----
Dodging        | 3 4 |  4.7
Spellcasting   | 3 4 6 7 |  7.7
Poison Magic   | 1 |  1.0
Air Magic      | 1 |  1.1
Fighting       | 3 |  3.2
Fire Magic     | 1 |  1.1
Whips & Flails | |  2.1
Stealth        | |  1.7
Summonings     | |  0.1
Invocations    | |  3.0

Action                   |  1- 3 |  4- 6 |  7- 9 || total
-------------------------+-------+-------+-------++-------
Melee: Flail             |    78 |    73 |    79 ||   230
       Unarmed           |    64 |    65 |    64 ||   193
 Cast: Call Imp          |     5 |     8 |       ||    13
       Flame Tongue      |    29 |    79 |   127 ||   235
       Conjure Flame     |       |       |     2 ||     2
       Mephitic Cloud    |       |       |     4 ||     4
  Use: Potion            |       |       |     1 ||     1
 Stab: Sleeping          |     2 |       |       ||     2
  Eat: Chunk             |       |     3 |     5 ||     8
Armor: Robe              |     3 |     8 |    11 ||    22
Dodge: Dodged            |    98 |   131 |   124 ||   353
Block: Other             |     8 |    11 |    16 ||    35
